 Dungeon Crawl Stone Soup version 0.31-a0-662-g684573625c (webtiles) character file.

Game seed: 1332745720057424725

10964 mandarbmax the Carver (level 11, 0/64 HPs)
             Began as a White Draconian Monk on Aug 31, 2023.
             Was an Elder of Makhleb.
             Slain by a skeletal warrior
             ... wielding a +0 war axe
              (29 damage)
             ... on level 10 of the Dungeon on Sept 1, 2023.
             The game lasted 00:31:47 (10441 turns).

mandarbmax the Carver (White Draconian Monk)       Turns: 10441, Time: 00:31:47

Health: 0/64       AC: 10    Str: 13    XL:     11   Next: 43%
Magic:  15/15      EV: 19    Int: 10    God:    Makhleb [****..]
Gold:   1459       SH:  0    Dex: 27    Spells: 10/10 levels left

rFire   + . .        t - +0 long sword
rCold   + . .        c - orb {light}
rNeg    . . .        (body armour unavailable)
rPois   +            (helmet restricted)
rElec   .            J - +1 cloak
rCorr   .            U - +0 pair of gloves
SInv    .            (no boots)
Will    .....        m - amulet of regeneration
Stlth   +            O - +6 ring of dexterity
HPRegen 1.10/turn    j - ring of protection from fire
MPRegen 0.14/turn

%: random rage (3%)
@: short of breath, maw-form, glowing
A: devouring maw, reduced hp, breathe frost, AC +7, unfitting armour, cold
resistance 1, cold-blooded, agile 1, berserk 1, poison resistance
a: Breathe Frost, Begin Untransformation, Renounce Religion, Minor Destruction,
Lesser Servant of Makhleb, Major Destruction


You were on level 10 of the Dungeon.
You worshipped Makhleb.
Makhleb was greatly pleased with you.
You were a creature with a mouth for a stomach.
You visited 2 branches of the dungeon, and saw 12 of its levels.
You also visited: Sewer, Ossuary and Bailey.

You collected 1459 gold pieces.

Inventory:

Hand Weapons
 a - a +0 falchion
 t - a +0 long sword (weapon)
Missiles
 s - 67 poisoned darts
 C - 3 curare-tipped darts
 E - 4 javelins
 S - 11 boomerangs
Armour
 b - a +0 buckler
 c - an orb of light (worn)
 J - a +1 cloak (worn)
 U - a +0 pair of gloves (worn)
Jewellery
 j - a ring of protection from fire (right hand)
 m - an amulet of regeneration (around neck)
 O - a +6 ring of dexterity (left hand)
 R - a ring of see invisible
Talismans
 N - a maw talisman (active)
Wands
 g - a wand of polymorph (3)
 q - a wand of iceblast (9)
 H - a wand of mindburst (10)
 M - a wand of flame (23)
 V - a wand of charming (3)
Scrolls
 d - 6 scrolls of teleportation
 f - 4 scrolls of fear
 i - 4 scrolls of enchant weapon
 k - 5 scrolls of immolation
 o - 2 scrolls of noise
 p - a scroll of summoning
 u - 2 scrolls of amnesia
 v - 2 scrolls of torment
 w - a scroll of acquirement {unknown}
 y - a scroll of vulnerability
 D - 2 scrolls of blinking
 K - a scroll of fog {unknown}
 P - 2 scrolls of silence {unknown}
 Q - a scroll of poison {unknown}
Potions
 e - 6 potions of curing
 h - a potion of brilliance {unknown}
 l - a potion of attraction {unknown}
 n - a potion of magic {unknown}
 r - a potion of degeneration
 x - 3 potions of might {unknown}
 z - 3 potions of heal wounds {unknown}
 A - 2 potions of mutation
 B - 2 potions of resistance {unknown}
 F - a potion of ambrosia
 G - 2 potions of haste {unknown}
 I - 2 potions of invisibility {unknown}
 L - 2 potions of lignification {unknown}
 T - 5 potions of enlightenment


   Skills:
 + Level 9.4 Fighting
 * Level 11.5 Long Blades
 + Level 7.8 Dodging
 + Level 5.6 Invocations
 * Level 6.7 Shapeshifting


You had 10 spell levels left.
You didn't know any spells.
Your spell library contained the following spells:

 Spells                   Type           Power      Damage    Failure   Level
 Magic Dart               Conj           0%         1d3       36%         1
 Summon Small Mammal      Summ           0%         N/A       36%         1
 Call Imp                 Summ           0%         N/A       50%         2
 Cigotuvi's Dreadful Rot  Necr/Pois/Air  0%         N/A       50%         2
 Passwall                 Tmut/Erth      0%         N/A       50%         2
 Poisonous Vapours        Pois/Air       0%         N/A       50%         2
 Call Canine Familiar     Summ           0%         N/A       75%         3
 Dazzling Flash           Conj/Hex       0%         N/A       75%         3
 Ignite Poison            Fire/Tmut/Pois 0%         N/A       75%         3
 Mephitic Cloud           Conj/Pois/Air  0%         N/A       75%         3
 Summon Guardian Golem    Hex/Summ       0%         N/A       75%         3
 Volatile Blastmotes      Fire/Tloc      0%         2d10      75%         3
 Dispel Undead            Necr           0%         3d6       98%         4
 Freezing Cloud           Conj/Ice/Air   0%         6-21      100%        5
 Death Channel            Necr           0%         N/A       100%        6
 Starburst                Conj/Fire      0%         6d3       100%        6
 Maxwell's Capacitive Co  Air            0%         ∞         100%        8


Dungeon Overview and Level Annotations

Branches:
Dungeon (11/15)            Temple (1/1) D:6            Lair (0/5) D:8
  Sewer (visited)         Ossuary (visited)          Bailey (visited)
    Orc: D:9-12

Altars:
Ashenzari
Cheibriados
Dithmenos
Elyvilon
Fedhas
Gozag
Hepliaklqana
Kikubaaqudgha
Makhleb
Nemelex Xobeh
Okawaru
Qazlal
Ru
Sif Muna
Trog
Uskayaw
Vehumet
Wu Jian
Xom
Yredelemnul
Zin
The Shining One

Shops:
D:5 ?

Annotations:
D:8 exclusion: oklob plant


Innate Abilities, Weirdness & Mutations

You are a creature with a mouth for a stomach.
Your midsection houses a second, enormous mouth.
Your maximum health is decreased, since you lack skill for your form.
You can breathe waves of freezing cold which knock back foes.
Your icy white scales are hard. (AC +7)
You cannot fit into any form of body armour.
Your flesh is cold resistant. (rC+)
You are cold-blooded and may be slowed by cold attacks.
You are agile. (Dex +4, Str/Int -1)
You sometimes lose your temper in combat.
Your system is resistant to poisons. (rPois)


Message History

The zap hits the skeletal warrior but does no damage.
The skeletal warrior is lightly damaged.
The skeletal warrior hits you with a +0 war axe!
You climb upwards.
There is a stone staircase leading down here.
You hit the skeletal warrior but do no damage.
Your bite misses the skeletal warrior.
The skeletal warrior is lightly damaged.
The skeletal warrior hits you with a +0 war axe.
You hit the skeletal warrior.
The skeletal warrior is lightly damaged.
The skeletal warrior completely misses you.
You slash the skeletal warrior! You bite the skeletal warrior.
The skeletal warrior is moderately damaged.
The skeletal warrior misses you.
You hit the skeletal warrior but do no damage.
You bite the skeletal warrior, but do no damage.
The skeletal warrior is moderately damaged.
You hit the skeletal warrior. You bite the skeletal warrior.
The skeletal warrior is heavily damaged.
The skeletal warrior closely misses you.
You hit the skeletal warrior but do no damage.
The skeletal warrior is heavily damaged.
The skeletal warrior completely misses you.
You hit the skeletal warrior but do no damage.
You tail-slap the skeletal warrior, but do no damage.
You bite the skeletal warrior, but do no damage.
The skeletal warrior is heavily damaged.
The skeletal warrior barely misses you.
You hit the skeletal warrior but do no damage.
Your tail-slap misses the skeletal warrior.
You bite the skeletal warrior, but do no damage.
The skeletal warrior is heavily damaged.
The skeletal warrior hits you with a +0 war axe!!
You hit the skeletal warrior but do no damage.
You tail-slap the skeletal warrior, but do no damage.
You bite the skeletal warrior, but do no damage.
The skeletal warrior is heavily damaged.
The skeletal warrior hits you with a +0 war axe!!
You die...

## ##.## #..# ###
###..# #..####
..####....# ###....#
..........###
##.....##
..........#.###.....##
####...............##
# ##..............#
### #..............#
..###.........>.W.##
................z.##
#.........###......#
#### ##..####..#
###....####..###
#..####.##
#....##..##..#####
##..##..##
##...#..####..#..#
#....##.# ##...###
##...## ##.#######
##.#.## #...# ##.##
#.#### ###.#


You could see a skeletal warrior.

Vanquished Creatures
  2 two-headed ogres
  Pikel (D:7)
  Joseph (D:9)
  A komodo dragon (D:10)
  A troll (D:11)
  A hornet (D:7)
  16 yaks
  2 wyverns
  A human (D:5)
  4 steam dragons
  An acid dragon (D:9)
  3 water moccasins
  2 black bears
  2 ice beasts
  2 sky beasts (D:8)
  4 orc warriors
  4 centaurs
  An ogre (D:7)
  2 lemures (D:7)
  9 kobold brigands
  An elf zombie (Ossuary)
  A bullfrog (D:9)
  4 scorpions
  6 wights
  A troll zombie (Ossuary)
  4 killer bees (D:10)
  2 howler monkeys
  2 centaur zombies (Ossuary)
  3 orc priests
  4 hounds
  A jelly (D:6)
  2 gnoll boudas
  Ijyb (D:3)
  2 iguanas (D:4)
  8 orc wizards
  Terence (D:3)
  2 ogre zombies (Ossuary)
  7 mummies (Ossuary)
  8 gnolls
  9 adders
  2 river rats (Sewer)
  4 white imps
  An adder zombie (Ossuary)
  8 worms
  2 dart slugs
  30 orcs
  9 ball pythons
  6 endoplasms
  7 giant cockroaches
  7 goblins
  12 hobgoblins
  4 quokkas
  6 bats
  A frilled lizard (D:2)
  2 goblin zombies (Ossuary)
  5 hobgoblin zombies (Ossuary)
  43 kobolds
  3 quokka zombies (Ossuary)
  6 rats
  A rat zombie (Ossuary)
288 creatures vanquished.

Vanquished Creatures (collateral kills)
  An orc knight (Bailey)
  2 orc warriors (Bailey)
  2 orcs (Bailey)
  A goblin (Bailey)
  3 kobolds (Bailey)
9 creatures vanquished.

Vanquished Creatures (others)
  A lemure (D:7)
1 creature vanquished.

Grand Total: 298 creatures vanquished

Notes
Turn   | Place    | Note
-------+----------+-------------------------------------------
     0 | D:1      | mandarbmax the Draconian Monk began the quest for the Orb.
     0 | D:1      | Reached XP level 1. HP: 19/19 MP: 1/1
   127 | D:1      | Reached XP level 2. HP: 26/26 MP: 2/2
   952 | D:2      | Reached XP level 3. HP: 31/33 MP: 3/3
  1336 | D:2      | Reached skill level 4 in Long Blades
  1411 | D:2      | Reached XP level 4. HP: 40/40 MP: 4/4
  1634 | D:3      | HP: 1/40 [orc wizard/magic dart (9)]
  1637 | D:2      | Gained mutation: You are agile. (Dex +4, Str/Int -1)
                  | [potion of mutation]
  1637 | D:2      | Gained mutation: You sometimes lose your temper in combat.
                  | [potion of mutation]
  1637 | D:2      | Gained mutation: Your system is resistant to poisons.
                  | (rPois) [potion of mutation]
  1776 | D:3      | Reached XP level 5. HP: 46/46 MP: 5/5
  1789 | D:3      | Noticed Terence
  1806 | D:3      | Killed Terence
  1877 | D:3      | Noticed Ijyb
  2009 | D:3      | Killed Ijyb
  2010 | D:3      | Reached skill level 5 in Long Blades
  2678 | D:4      | Reached XP level 6. HP: 48/53 MP: 6/6
  2847 | D:4      | Found an iron altar of Okawaru.
  3099 | D:4      | Reached skill level 5 in Fighting
  3300 | D:5      | Entered Level 5 of the Dungeon
  3346 | D:5      | Reached skill level 6 in Long Blades
  3731 | D:5      | Noticed a troll
  3888 | D:5      | Your scales start taking on an icy white colour.
  3888 | D:5      | Reached XP level 7. HP: 61/61 MP: 7/7
  3888 | D:5      | Gained mutation: Your flesh is cold resistant. (rC+) [White
                  | Draconian growth]
  4053 | D:5      | Found Xolas's Magic Scroll Emporium.
  4100 | D:5      | a troll changed into a human
  4100 | D:5      | Noticed a human
  4105 | D:5      | Killed a human
  4370 | D:6      | Found a sand-covered staircase.
  4381 | Ossuary  | Entered an ossuary
  4458 | Ossuary  | Reached skill level 7 in Long Blades
  4548 | Ossuary  | Reached XP level 8. HP: 47/70 MP: 8/8
  4565 | Ossuary  | Reached skill level 5 in Dodging
  4782 | D:6      | Found a glowing drain.
  4797 | Sewer    | Entered a sewer
  5056 | Sewer    | Reached skill level 8 in Long Blades
  5721 | D:6      | Found a staircase to the Ecumenical Temple.
  5774 | Temple   | Entered the Ecumenical Temple
  5785 | Temple   | Became a worshipper of Makhleb the Destroyer
  5785 | Temple   | Reached * piety under Makhleb
  5785 | Temple   | Reached ** piety under Makhleb
  5905 | D:6      | Reached skill level 1 in Invocations
  5905 | D:6      | Reached XP level 9. HP: 77/79 MP: 9/9
  5924 | D:6      | Found a radiant altar of Vehumet.
  6170 | D:7      | Reached skill level 9 in Long Blades
  6174 | D:7      | Reached skill level 1 in Shapeshifting
  6764 | D:8      | Noticed Pikel
  6806 | D:8      | Found a white marble altar of Elyvilon.
  6847 | D:7      | Killed Pikel
  6852 | D:7      | Reached XP level 10. HP: 29/88 MP: 12/12
  6911 | D:8      | Found a staircase to the Lair.
  6929 | D:8      | Found a basalt altar of Yredelemnul.
  6956 | D:8      | Reached skill level 10 in Long Blades
  7011 | D:8      | Reached *** piety under Makhleb
  7024 | D:8      | Reached skill level 5 in Shapeshifting
  7160 | D:8      | Found a blossoming altar of Fedhas.
  7177 | D:8      | Noticed an oklob plant
  7277 | D:8      | Noticed a two-headed ogre
  7283 | D:8      | Killed a two-headed ogre
  7335 | D:8      | Found a shimmering altar of Xom.
  7427 | D:8      | Found a broken altar of Ashenzari.
  7472 | D:8      | Found a glowing silver altar of Zin.
  7472 | D:8      | Noticed an angel
  7635 | D:9      | Noticed a manticore
  7876 | D:9      | Noticed Joseph
  7887 | D:9      | Killed Joseph
  7888 | D:9      | Reached skill level 11 in Long Blades
  7888 | D:9      | Reached skill level 5 in Invocations
  8003 | D:9      | Found a flagged portal.
  8013 | Bailey   | Entered a bailey
  8044 | Bailey   | Noticed an orc knight
  8069 | Bailey   | Killed an orc knight
  8070 | Bailey   | Reached XP level 11. HP: 29/97 MP: 14/14
  8119 | Bailey   | Reached **** piety under Makhleb
  8142 | Bailey   | Identified the +8 spear of Oniy {holy, Stlth+}
  8943 | D:10     | Entered Level 10 of the Dungeon
  9618 | D:10     | Got the Opusculum on Viridian Sculpting
 10216 | D:11     | Noticed a two-headed ogre
 10224 | D:11     | Killed a two-headed ogre
 10323 | D:11     | Noticed a skeletal warrior
 10323 | D:11     | Noticed a skeletal warrior
 10323 | D:11     | Noticed a skeletal warrior
 10441 | D:10     | Slain by a skeletal warrior

Illustrated notes

Levels and vault maps discovered:
D:1:      shiori_arrival_oz, layout_basic
D:2:      layout_basic
D:3:      layout_basic, minmay_misc_feat_pillars, minivault_19,
          kennysheep_pointless_box, uniq_terence, uniq_ijyb
D:4:      layout_loops_cross, kennysheep_mini
D:5:      layout_loops_corners, serial_shops, shop
D:6:      layout_basic, vehumet_altar_wand_db, minmay_temple_entry_proselytizer,
          chequers_ossuary_entry_cave, portal_sewer_entry_e
D:7:      layout_cave_pools
D:8:      layout_basic, zin_angel, elyvilon_altar_5,
          mainiacjoe_overflow_boulevard, tgw_fedhas,
          mainiacjoe_overflow_big_doors, dpeg_oklobed_lair, uniq_pikel
D:9:      layout_grid_maze, enter_bailey_2, onia_ninara_dug_in_and_dangerous,
          uniq_joseph
D:10:     layout_layer_cave
D:11:     layout_roguey
Temple:   nicolae_temple_ecumenical_triangle

Skill      XL: |  1  2  3  4  5  6  7  8  9 10 11 |
---------------+----------------------------------+-----
Dodging        | 3 4 5 6 7 |  7.8
Long Blades    | 4 5 6 7 8 9 11 | 11.5
Fighting       | 4 5 6 7 8 9 |  9.4
Invocations    | 1 3 5 |  5.6
Shapeshifting  | 3 5 6 |  6.7

Action                     |  1- 3 |  4- 6 |  7- 9 | 10-12 || total
---------------------------+-------+-------+-------+-------++-------
  Melee: Falchion          |    83 |   131 |       |       ||   214
         Tailslap          |    12 |    38 |    66 |    53 ||   169
         Unarmed           |       |     5 |       |       ||     5
         Long sword        |       |    56 |   370 |   221 ||   647
         Maw               |       |       |    18 |   107 ||   125
  Throw: Javelin           |       |     3 |    26 |     6 ||    35
         Dart              |       |       |    26 |     9 ||    35
 Invoke: Lesser Servant of |       |       |       |     2 ||     2
         Minor Destruction |       |       |       |    34 ||    34
Ability: Breathe Frost     |       |       |    24 |    20 ||    44
  Evoke: Wand              |       |     3 |     3 |       ||     6
    Use: Potion            |       |     2 |     2 |     3 ||     7
         Scroll            |       |     8 |     4 |     5 ||    17
   Stab: Distracted        |       |       |       |     1 ||     1
 Armour: Skin              |    47 |   119 |   236 |   105 ||   507
  Dodge: Dodged            |    56 |   156 |   337 |   189 ||   738
   Form: Maw               |       |       |     1 |       ||     1

Table legend: (Time is in decaauts)
 A = Elapsed time spent in this place.
 B = Non-inter-level travel time spent in this place.
 C = Inter-level travel time spent in this place.
 D = Time resting spent in this place.
 E = Time spent auto-exploring this place.
 F = Levels seen in this place.
 G = Mean time per level.
                   A        B        C        D        E       F      G
               +--------+--------+--------+--------+--------+-----+--------+
         Total |  10741 |  10355 |    386 |    819 |   6757 |  15 |  716.1 |
       Dungeon |   9227 |   8849 |    378 |    647 |   6132 |  11 |  838.8 |
        Temple |     16 |      8 |      8 |      0 |      0 |   1 |   16.0 |
         Sewer |    867 |    867 |      0 |    164 |    466 |   1 |  867.0 |
       Ossuary |    313 |    313 |      0 |      0 |      0 |   1 |  313.0 |
        Bailey |    316 |    316 |      0 |      7 |    158 |   1 |  316.0 |
               +--------+--------+--------+--------+--------+-----+--------+

Top non-repeatable levels by time:
    D:10: 1136 daAuts
     D:5: 1039 daAuts
     D:9: 1008 daAuts
     D:1: 923 daAuts
   Sewer: 867 daAuts
     D:3: 865 daAuts
     D:6: 850 daAuts
     D:8: 787 daAuts
     D:2: 781 daAuts
     D:4: 778 daAuts
     D:7: 695 daAuts
    D:11: 360 daAuts
  Bailey: 316 daAuts
 Ossuary: 313 daAuts
  Temple: 16 daAuts
